AoeStats
← Off-The-Rails

Enclosed

504322567Analyzed
1v1 RM · 28d ago on Sep 4, 2026· 69m 54s· 2 players
Game mode
Random Map
Map size
Tiny (2 player)
Population
200
Speed
Normal
Resources
Standard
Victory
Conquest
Starting age
Dark Age
Ending age
Imperial Age
RankedLock teamsTeams togetherTeam positionsShared explorationLock speedFull tech treeHidden civsTurbo modeCheats
Victory
Defeat
🇨🇦 Teutons · Canada
588
+20
🇺🇸 Inca · United States
550
-14
El que te Lo Mete
0:49 Loom
11:45 Feudal Age
13:45 Wheelbarrow
14:46 Double-Bit Axe
14:57 Gold Mining
14:48 Horse Collar
19:03 Castle Age
17:43 Champi Runner
18:28 Scale Mail Armor
18:39 Forging
19:56 Stone Mining
20:34 Heavy Plow
21:45 Champi Warrior
22:28 Squires
25:51 Bow Saw
26:20 Iron Casting
26:01 Chain Mail Armor
29:39 Hand Cart
33:18 Town Watch
36:25 Imperial Age
34:30 Arson
35:40 Padded Archer Armor
35:31 Fletching
36:20 Thumb Ring
37:02 Leather Archer Armor
38:07 Crop Rotation
39:11 Conscription
38:57 Andean Sling
40:17 Ring Archer Armor
39:48 Bodkin Arrow
40:29 Ballistics
42:28 Chemistry
41:44 Masonry
41:48 Bracer
43:43 Siege Engineers
44:21 Fabric Shields
44:58 Capped Ram
47:15 Elite Champi Warrior
51:41 Chemistry
50:41 Elite Kamayuk
52:38 Gold Shaft Mining
54:15 Town Patrol
56:21 Hoardings
58:20 Siege Ram
58:45 Treadmill Crane
60:48 Elite Skirmisher
Off-The-Rails
10:14 Feudal Age
12:55 Double-Bit Axe
13:50 Wheelbarrow
16:59 Stone Mining
17:05 Gold Mining
22:28 Padded Archer Armor
22:18 Fletching
24:36 Castle Age
25:38 Squires
25:24 Gambesons
25:00 Man-at-Arms
25:37 Crossbowman
31:22 Town Watch
31:25 Loom
31:56 Hand Cart
31:56 Bow Saw
33:08 Horse Collar
39:45 Imperial Age
40:31 Heavy Plow
41:25 Stone Shaft Mining
40:15 Onager
41:01 Arrowslits
41:09 Heated Shot
41:41 Ballistics
42:22 Chemistry
41:37 Masonry
42:22 Crenellations
44:17 Ironclad
44:24 Conscription
44:50 Crop Rotation
45:12 Elite Teutonic Knight
53:18 Siege Engineers
53:36 Bombard Tower
53:13 Heated Shot
53:20 Heated Shot
54:00 Fervor
54:09 Block Printing
54:40 Theocracy
55:48 Hoardings
64:19 Leather Archer Armor
64:00 Bodkin Arrow
64:07 Scale Mail Armor
64:18 Forging
Connection lost

Rejoining the realm…

Still unreachable

The connection could not be restored.

Session expired

The server has moved on; the page needs a fresh start.